 Dungeon Crawl Stone Soup version 0.18-a0-1186-gd02dc51 (webtiles) character file.

4504 kae the Fencer (level 10, -8/77 HPs)
             Began as a Minotaur Fighter on Jan 28, 2016.
             Was a Priest of Makhleb.
             Mangled by a komodo dragon (12 damage)
             ... on level 8 of the Dungeon.
             The game lasted 00:10:03 (8104 turns).

kae the Fencer (Minotaur Fighter)                   Turns: 8104, Time: 00:10:03

Health: -8/77      AC: 10    Str: 28    XL:     10   Next: 16%
Magic:  9/9        EV:  7    Int:  7    God:    Makhleb [***...]
Gold:   428        SH: 10    Dex:  9    Spells: 0 memorised, 9 levels left

rFire  . . .     SeeInvis .     a - +1 long sword
rCold  . . .     Gourm    .     b - +0 scale mail
rNeg   . . .     Faith    .     c - +0 shield
rPois  .         Spirit   .     (helmet restricted)
rElec  .         Dismiss  .     v - +0 cloak
rCorr  +         Reflect  .     (no gloves)
SustAt .         Harm     .     (no boots)
MR     .....                    (no amulet)
Stlth  ..........               s - +2 ring of protection
                                q - ring of resist corrosion

@: mighty, not resistant to hostile enchantments, extremely unstealthy
A: retaliatory headbutt, horns 2
a: Minor Destruction, Lesser Servant of Makhleb, Renounce Religion


You were on level 8 of the Dungeon.
You worshipped Makhleb.
Makhleb was most pleased with you.
You were not hungry.

You visited 1 branch of the dungeon, and saw 10 of its levels.

You collected 428 gold pieces.

Inventory:

Hand Weapons
 a - a +1 long sword (weapon)
Armour
 b - a +0 scale mail (worn)
 c - a +0 shield (worn)
 v - a +0 cloak (worn)
Jewellery
 q - a ring of resist corrosion (left hand)
 s - a +2 ring of protection (right hand)
 w - an uncursed ring of resist corrosion
Wands
 n - a wand of flame (7/48)
 G - a wand of magic darts (23/48)
 H - a wand of paralysis (19/24)
 I - a wand of random effects (33/48)
Scrolls
 g - 2 scrolls of enchant weapon
 j - 4 scrolls of amnesia
 k - a scroll of magic mapping
 l - 8 scrolls of remove curse
 p - 2 scrolls of recharging
 r - a scroll of noise
 y - a scroll of identify
 J - a scroll of vulnerability {unknown}
Potions
 d - a potion of might
 e - a potion of flight
 h - 4 potions of curing
 m - 2 potions of mutation
 o - a potion of magic
 t - 2 potions of invisibility
 x - a potion of resistance
 C - 3 potions of brilliance
 E - a potion of haste
 F - 2 potions of cure mutation
Books
 i - a book of Death

   Spells                             Type                      Level
   a - Corpse Rot                     Necromancy                   2
   b - Sublimation of Blood           Necromancy                   2
   c - Agony                          Necromancy                   5
   d - Dispel Undead                  Necromancy                   5
   e - Excruciating Wounds            Charms/Necromancy            5
   f - Bolt of Draining               Conjuration/Necromancy       5
 D - a book of Battle

   Spells                             Type                      Level
   a - Infusion                       Charms                       1
   b - Shroud of Golubria             Charms/Translocation         2
   c - Song of Slaying                Charms                       2
   d - Spectral Weapon                Hexes/Charms                 3
   e - Regeneration                   Charms/Necromancy            3
Comestibles
 f - 4 bread rations
 u - 3 beef jerkies
 z - 4 chunks of flesh
 A - 3 meat rations
 B - 2 slices of pizza


   Skills:
 - Level 3.6 Fighting
 + Level 16.6 Long Blades
 - Level 3.6 Armour
 - Level 3.6 Shields


You had 9 spell levels left.
You didn't know any spells.

Dungeon Overview and Level Annotations

Branches:
Dungeon (10/15)            Temple (0/1) D:6            Lair (0/8) D:8
    Orc: D:9-12

Altars:
Ashenzari
Elyvilon
Fedhas
Gozag
Makhleb
Nemelex Xobeh
Okawaru
Pakellas
Ru
Sif Muna
Vehumet
Xom
Yredelemnul
The Shining One


Innate Abilities, Weirdness & Mutations

You reflexively headbutt those who attack you in melee.
You have a pair of horns on your head.


Message History

Unknown command.
You slash the komodo dragon!
The komodo dragon is moderately wounded.
You block the komodo dragon's attack.
You closely miss the komodo dragon.
The komodo dragon is moderately wounded.
You block the komodo dragon's attack.
You barely miss the komodo dragon.
The komodo dragon is moderately wounded.
You completely miss the komodo dragon.
The komodo dragon is moderately wounded.
The komodo dragon bites you but does no damage.
You hit the komodo dragon.
The komodo dragon is heavily wounded.
The komodo dragon bites you!!
* * * LOW HITPOINT WARNING * * *
You completely miss the komodo dragon. You headbutt the komodo dragon!!
The komodo dragon is almost dead.
The komodo dragon bites you!
You die...

.........# ##.......## ##.#.#
##.......###.........####....#
...........รท.........+.......#
#####...####.........####....#
#..## ##.......## ###.#.# #.##
##.....#####...).### #.#
##...####...P...P.## #.#
##+####......PP..P# #.#
#@###....P..PPPPP# #.#
#l##.....PPP..PPP# #.#
##.##..PPPPPP.>.PP#
#.....#PPPPPPP..PP#
#...#..##PPPPPPPPP##
##.###.############ ..# ##.#
#.# ## #.


You could see a komodo dragon.

Vanquished Creatures
  A centaur zombie (D:10)
  The ghost of Chiseanne the Skirmisher, an amateur CeAE of Gozag (D:5)
  Grinder (D:5)
  The ghost of pedritolo the Insei, an amateur DsMo (D:3)
  2 hippogriffs
  A steam dragon (D:7)
  2 insubstantial wisps (D:7)
  An ice beast (D:5)
  5 ogres
  A phantom (D:4)
  4 sky beasts
  3 centaurs
  A crocodile (D:10)
  Blork the orc (D:6)
  5 giant frogs
  2 scorpions
  4 killer bees (D:8)
  An electric eel (D:6)
  2 crimson imps
  A giant frog zombie (D:5)
  2 giant frog skeletons
  A gnoll shaman (D:3)
  2 hounds
  A jelly (D:6)
  7 orc wizards
  9 worker ants
  5 iguanas
  The ghost of 4thArraOfDagon the Caller, a weakling TrSu (D:4)
  A hound skeleton (D:5)
  9 gnolls
  2 adders (D:2)
  3 shadow imps
  An ooze (D:1)
  An adder skeleton (D:5)
  A worm (D:6)
  7 giant geckos
  16 orcs
  11 giant cockroaches
  6 hobgoblins
  10 jackals
  5 quokkas
  2 ball pythons
  3 bats (D:2)
  A giant gecko zombie (D:5)
  6 giant newts
  7 goblins
  A jackal skeleton (D:4)
  A jackal zombie (D:7)
  7 kobolds
  A quokka skeleton (D:4)
  5 rats
175 creatures vanquished.

Vanquished Creatures (others)
  A sky beast (D:7)
  An orc wizard (D:6)
  A jackal (D:4)
  A plant (D:8)
4 creatures vanquished.

Grand Total: 179 creatures vanquished

Notes
Turn   | Place    | Note
--------------------------------------------------------------
     0 | D:1      | kae the Minotaur Fighter began the quest for the Orb.
     0 | D:1      | Reached XP level 1. HP: 19/19 MP: 0/0
   206 | D:1      | Reached XP level 2. HP: 26/26 MP: 1/1
   406 | D:1      | Reached skill level 4 in Long Blades
   463 | D:1      | Reached XP level 3. HP: 28/31 MP: 2/2
  1016 | D:2      | Found a radiant altar of Vehumet.
  1063 | D:2      | Reached skill level 5 in Long Blades
  1122 | D:2      | Reached XP level 4. HP: 39/39 MP: 3/3
  1201 | D:2      | Found an iron altar of Okawaru.
  1276 | D:2      | Found a glowing golden altar of the Shining One.
  1276 | D:2      | Found a shimmering altar of Xom.
  1547 | D:3      | Noticed pedritolo's ghost (amateur DsMo)
  1554 | D:3      | Killed pedritolo's ghost
  1554 | D:3      | Reached skill level 7 in Long Blades
  1554 | D:3      | Reached XP level 5. HP: 23/45 MP: 4/4
  1602 | D:3      | Reached XP level 6. HP: 12/51 MP: 5/5
  2011 | D:3      | Found a deep blue altar of Sif Muna.
  2051 | D:3      | Found a sparkling altar of Nemelex Xobeh.
  2133 | D:4      | Noticed 4thArraOfDagon's ghost (weakling TrSu)
  2142 | D:3      | Reached skill level 8 in Long Blades
  2489 | D:4      | Killed 4thArraOfDagon's ghost
  2490 | D:4      | Reached skill level 9 in Long Blades
  2518 | D:4      | Reached XP level 7. HP: 57/57 MP: 6/6
  2559 | D:4      | Found a burning altar of Makhleb.
  2571 | D:4      | Became a worshipper of Makhleb the Destroyer
  2655 | D:4      | Found a sacrificial altar of Ru.
  2780 | D:4      | Reached skill level 10 in Long Blades
  3124 | D:4      | Reached * piety under Makhleb
  3787 | D:4      | Reached skill level 11 in Long Blades
  3904 | D:5      | Entered Level 5 of the Dungeon
  4023 | D:5      | Reached XP level 8. HP: 41/64 MP: 7/7
  4066 | D:5      | Found a shattered altar of Ashenzari.
  4103 | D:5      | Noticed Chiseanne's ghost (amateur CeAE)
  4126 | D:5      | Killed Chiseanne's ghost
  4126 | D:5      | Reached skill level 12 in Long Blades
  4334 | D:5      | Found a white marble altar of Elyvilon.
  4644 | D:5      | Reached skill level 13 in Long Blades
  4677 | D:5      | Reached ** piety under Makhleb
  4733 | D:5      | Found an oddly glowing altar of Pakellas.
  4740 | D:5      | Noticed Grinder
  4764 | D:5      | Paralysed by Grinder for 3 turns
  4770 | D:5      | Killed Grinder
  4882 | D:5      | Reached XP level 9. HP: 68/70 MP: 8/8
  5127 | D:6      | Noticed Blork the orc
  5149 | D:6      | Killed Blork the orc
  5303 | D:6      | Found a blossoming altar of Fedhas.
  5428 | D:6      | Found a basalt altar of Yredelemnul.
  5447 | D:6      | Found an opulent altar of Gozag.
  5487 | D:6      | Found a staircase to the Ecumenical Temple.
  5526 | D:6      | Reached skill level 14 in Long Blades
  6380 | D:7      | You fall through a shaft for 3 floors!
  6380 | D:10     | Entered Level 10 of the Dungeon
  6620 | D:10     | Reached skill level 15 in Long Blades
  7321 | D:8      | Reached skill level 16 in Long Blades
  7431 | D:7      | Reached XP level 10. HP: 77/77 MP: 9/9
  7586 | D:7      | Reached *** piety under Makhleb
  8072 | D:8      | Found a staircase to the Lair.
  8104 | D:8      | Mangled by a komodo dragon

Vault maps used:
D:1:      lightli_arrival_isolated_outpost, minmay_liquid_box
D:2:      okawaru_metal_pillars_1_2, gammafunk_temple_overflow_pools,
          vehumet_crystals
D:3:      nicolae_overflow_crystal_walls, led_sif_pool
D:4:      makhleb_heckhound_becter, old_standard_altar
D:5:      ashenzari_altar_1, overflow_temple_1_default, kennysheep_little_box,
          first_bread, minmay_misc_feat_diagonals, kennysheep_generic_room_4,
          uniq_grinder
D:6:      kennysheep_mini, overflow_temple_1_default, old_standard_altar,
          temple_green, kennysheep_potato, uniq_blork_the_orc
D:7:      hangedman_misty_isle
D:8:      david_lair_shrubbed

Action                   |  1- 3 |  4- 6 |  7- 9 | 10-12 || total
-------------------------+-------+-------+-------+-------++-------
Melee: Long sword        |    71 |    84 |   456 |    60 ||   671
  Use: Potion            |       |     2 |       |     1 ||     3
       Scroll            |       |       |    17 |     3 ||    20
  Eat: Chunk             |     1 |     4 |    16 |     2 ||    23
